 Dungeon Crawl Stone Soup version 0.24.0-13-gcf9b3192b9 (webtiles) character file.

Game seed: 2089452525975991632, levelgen mode: deterministic

35474 PentaManta the Sharpshooter (level 14, -1/88 HPs)
             Began as a Kobold Hunter on Nov 8, 2019.
             Was the Champion of Okawaru.
             Slain by an alligator (21 damage)
             ... on level 1 of the Swamp.
             The game lasted 01:35:03 (26427 turns).

PentaManta the Sharpshooter (Kobold Hunter)        Turns: 26427, Time: 01:35:03

Health: -1/88      AC: 12    Str: 16    XL:     14   Next: 18%
Magic:  0/14       EV: 22    Int: 13    God:    Okawaru [******]
Gold:   918        SH:  0    Dex: 16    Spells: 13/13 levels left

rFire    + . .     SeeInvis .   I - +0 short sword (venom)
rCold    . . .     Gourm    .   (shield restricted)
rNeg     . . .     Faith    .   Z - +2 scale mail {rF+}
rPois    +         Spirit   +   (no helmet)
rElec    .         Reflect  .   (no cloak)
rCorr    .         Harm     .   F - +0 pair of gloves
MR       +....                  C - +0 pair of boots (curse)
Stlth    +.........             x - amulet of guardian spirit
HPRegen  0.24/turn              G - +3 ring of strength
MPRegen  0.14/turn              R - ring of poison resistance

@: very slow
A: small, carnivore
a: Heroism, Finesse, Renounce Religion


You were on level 1 of the Swamp.
You worshipped Okawaru.
Okawaru was exalted by your worship.
You were not hungry.

You visited 5 branches of the dungeon, and saw 23 of its levels.

You collected 1102 gold pieces.
You spent 184 gold pieces at shops.

Inventory:

Hand Weapons
 h - the +10 triple crossbow of Okawaru's Approval {penet, rPois Int+3 Dex+4}
   (Okawaru gifted it to you on level 2 of the Lair of Beasts)

   Ammo fired by it will pass through the targets it hits, potentially hitting
   all targets in its path until it reaches maximum range.
   It affects your intelligence (+3).
   It affects your dexterity (+4).
   It protects you from poison.
 I - a +0 short sword of venom (weapon)
 Y - a +2 arbalest of flaming
Missiles
 k - 2 curare-tipped darts (quivered)
 q - 19 poisoned darts
 J - 8 silver boomerangs
 L - 3 throwing nets
 Q - 6 bolts
Armour
 a - the +3 leather armour of Ennui {+Fly Str+4 Int+3 Dex-2}
   (You found it on level 4 of the Lair of Beasts)

   It affects your strength (+4).
   It affects your intelligence (+3).
   It affects your dexterity (-2).
   It lets you fly.
 C - a cursed +0 pair of boots (worn)
 E - a +0 helmet
 F - a +0 pair of gloves (worn)
 S - a +4 plate armour
 Z - a +2 scale mail of fire resistance (worn)
Jewellery
 d - an uncursed ring of protection from magic
 m - an uncursed ring of protection from fire
 w - an uncursed amulet of rage
 x - an amulet of guardian spirit (around neck)
 G - a +3 ring of strength (left hand)
 K - an uncursed ring of resist corrosion
 N - an uncursed ring of protection from magic
 R - a ring of poison resistance (right hand)
Wands
 c - a wand of iceblast (13)
 u - a wand of digging (23)
 D - a wand of paralysis (25)
 H - a wand of enslavement (23)
 O - a wand of scattershot (6)
 V - a wand of polymorph (4)
Scrolls
 b - 8 scrolls of identify
 g - 9 scrolls of remove curse
 l - 5 scrolls of teleportation
 o - 3 scrolls of magic mapping
 A - 3 scrolls of fear
Potions
 e - a potion of resistance {unknown}
 i - 2 potions of might
 j - 5 potions of lignification
 n - 3 potions of cancellation
 r - 5 potions of flight
 t - 2 potions of invisibility
 z - 3 potions of mutation
 B - 2 potions of ambrosia
 M - 3 potions of haste
 X - a potion of magic
Miscellaneous
 v - a box of beasts
 y - a lamp of fire
 U - a fan of gales
Comestibles
 f - 43 rations


   Skills:
 - Level 10.0 Fighting
 * Level 16.4 Crossbows
 - Level 8.0 Armour
 + Level 14.7 Dodging
 - Level 7.0 Stealth


You had 13 spell levels left.
You didn't know any spells.
Your spell library contained the following spells:

 Spells                   Type           Power        Failure   Level  Hunger
 Animate Skeleton         Necr           N/A          67%         1    ##.....
 Confusing Touch          Hex            #.....       67%         1    ##.....
 Magic Dart               Conj           #...         67%         1    ##.....
 Pain                     Necr           #...         67%         1    ##.....
 Summon Butterflies       Summ           #.......     67%         1    ##.....
 Summon Small Mammal      Summ           #...         67%         1    ##.....
 Call Imp                 Summ           #.......     80%         2    ###....
 Corpse Rot               Necr           N/A          80%         2    ###....
 Poisonous Vapours        Pois/Air       #.....       80%         2    ###....
 Searing Ray              Conj           #.....       80%         2    ###....
 Sublimation of Blood     Necr           #.........   80%         2    ###....
 Call Canine Familiar     Summ           #.......     95%         3    ####...
 Confuse                  Hex            #.......     95%         3    ####...
 Conjure Flame            Conj/Fire      #.......     95%         3    ####...
 Dazzling Spray           Conj/Hex       #.....       95%         3    ####...
 Gell's Gravitas          Tloc           #.........   95%         3    ####...
 Mephitic Cloud           Conj/Pois/Air  #.......     95%         3    ####...
 Regeneration             Chrm/Necr      #.........   95%         3    ####...
 Summon Guardian Golem    Hex/Summ       #.......     95%         3    ####...
 Vampiric Draining        Necr           #.........   95%         3    ####...
 Animate Dead             Necr           N/A          100%        4    #####..
 Force Lance              Conj/Tloc      #.......     100%        4    #####..
 Fulminant Prism          Conj/Hex       #.........   100%        4    #####..
 Iskenderun's Mystic Bla  Conj           #.......     100%        4    #####..
 Petrify                  Tmut/Erth      #.......     100%        4    #####..
 Summon Ice Beast         Ice/Summ       #.......     100%        4    #####..
 Summon Lightning Spire   Summ/Air       #.......     100%        4    #####..
 Agony                    Necr           #.......     100%        5    ######.
 Bolt of Draining         Conj/Necr      #.........   100%        5    ######.
 Dispel Undead            Necr           #.......     100%        5    ######.
 Excruciating Wounds      Chrm/Necr      #.........   100%        5    ######.
 Metabolic Englaciation   Hex/Ice        #.........   100%        5    ######.
 Summon Mana Viper        Hex/Summ       #.......     100%        5    ######.
 Yara's Violent Unravell  Hex/Tmut       #.........   100%        5    ######.
 Freezing Cloud           Conj/Ice/Air   #.........   100%        6    #######
 Ring of Flames           Chrm/Fire      #.........   100%        7    #######
 Summon Hydra             Summ           #.........   100%        7    #######


Dungeon Overview and Level Annotations

Branches:
Dungeon (14/15)            Temple (1/1) D:5            Lair (6/6) D:9
  Swamp (1/4) Lair:4        Snake (0/4) Lair:4          Orc (1/2) D:12
  Slime: Lair:5-6    Vaults: D:13-14

Altars:
Ashenzari
Cheibriados
Dithmenos
Elyvilon
Fedhas
Gozag
Hepliaklqana
Kikubaaqudgha
Makhleb
Nemelex Xobeh
Okawaru
Qazlal
Ru
Sif Muna
Trog
Uskayaw
Vehumet
Wu Jian
Xom
Yredelemnul
Zin
The Shining One

Shops:
D:4 *   D:5 *   D:6 *


Innate Abilities, Weirdness & Mutations

You are small and have problems with some larger weapons.
You are carnivorous and can eat meat at any time.


Message History

The alligator bites you. The alligator tail-slaps you!
The alligator bites you but does no damage.
The alligator barely misses you.
You continue taking off your +0 helmet.
The alligator misses you.
The alligator tail-slaps you but does no damage.
The alligator barely misses you.
The alligator tail-slaps you but does no damage.
You continue taking off your +0 helmet.
The alligator bites you!
* * * LOW HITPOINT WARNING * * *
The alligator closely misses you.
The alligator puts on a burst of speed!
The alligator bites you but does no damage.
The alligator closely misses you.
You finish taking off your +0 helmet.
Drop what? 47/52 slots (_ for help) (? for menu, Esc to quit)
The alligator barely misses you. x2; The alligator completely misses you.
The alligator closely misses you. The alligator bites you!!
Keep disrobing?
You die...

♣ ≈≈≈ ♣≈ ... ..
♣.≈ ♣..♣♣..
♣...♣♣♣ ≈≈....≈
♣≈≈..<♣♣♣ .≈.≈≈≈≈
♣≈≈≈≈...♣♣≈≈≈≈...
♣≈≈≈≈.♣..≈...≈.≈.
♣.≈≈≈≈.≈≈≈§≈≈≈≈.[♣
♣≈≈.≈≈.≈≈≈@t≈.≈≈.♣
♣≈≈♣♣...≈.t..≈≈≈.♣
♣≈..
♣♣♣..♣♣.≈≈≈≈.≈ .≈.
♣♣.. ≈≈≈≈..≈ ♣♣.
≈≈≈≈≈.♣ ♣ ≈≈≈≈♣.♣
...≈. ♣ ♣≈≈≈≈≈


You could see 2 alligators.

Vanquished Creatures
  4 hydras
  4 two-headed ogres
  2 death yaks (Lair:4)
  3 unseen horrors
  Pikel (D:8)
  2 ugly things
  2 black mambas
  7 spiny frogs
  A kobold demonologist (D:11)
  3 komodo dragons
  5 trolls
  7 blink frogs
  6 hippogriffs
  A wraith (D:11)
  2 shadows (D:11)
  Eustachio (D:6)
  4 hogs (D:9)
  A human (D:9)
  4 basilisks
  30 yaks
  3 wyverns
  2 hungry ghosts (D:11)
  4 insubstantial wisps (Lair:4)
  Menkaure (D:6)
  12 water moccasins
  2 nagas (Lair:4)
  A soldier ant (D:12)
  Duvessa (D:6)
  6 porcupines
  2 orc warriors
  8 ice beasts
  5 sky beasts
  2 phantoms
  2 black bears (D:9)
  12 wolves
  5 ogres
  6 centaurs
  6 crocodiles
  Blork the orc (D:3)
  A wyvern zombie (D:11)
  19 bullfrogs
  A scorpion (D:6)
  Dowan (D:6)
  A water moccasin skeleton (D:9)
  26 killer bees
  2 electric eels (Lair:2)
  4 wights (D:12)
  4 howler monkeys
  A centaur zombie (D:8)
  7 crimson imps
  A bullfrog zombie (D:6)
  3 quasits
  2 jellies
  11 orc priests
  3 centaur skeletons
  4 hounds
  19 orc wizards
  4 bullfrog skeletons
  5 iguanas
  6 worker ants
  2 worker ant zombies
  7 gnolls
  A howler monkey skeleton (D:8)
  8 adders
  A shadow imp (D:6)
  An ooze (D:4)
  An adder zombie (D:7)
  3 adder skeletons
  2 worms
  A dart slug (D:3)
  6 leopard geckos
  34 orcs
  6 giant cockroaches
  9 goblins
  5 hobgoblins
  8 quokkas
  4 ball pythons
  6 bats
  7 frilled lizards
  10 kobolds
  A quokka zombie (D:10)
  5 rats
  2 fungi
426 creatures vanquished.

Vanquished Creatures (others)
  43 fungi
  24 plants
67 creatures vanquished.

Grand Total: 493 creatures vanquished

Notes
Turn   | Place    | Note
-------+----------+-------------------------------------------
     0 | D:1      | PentaManta the Kobold Hunter began the quest for the Orb.
     0 | D:1      | Reached XP level 1. HP: 12/12 MP: 1/1
    38 | D:1      | You fall into a shaft and drop 1 floor!
    43 | D:2      | Reached skill level 5 in Crossbows
    43 | D:2      | Reached XP level 2. HP: 17/17 MP: 2/2
    53 | D:2      | Found an opulent altar of Gozag.
    63 | D:2      | Reached XP level 3. HP: 21/21 MP: 3/3
   799 | D:2      | Found a sparkling altar of Nemelex Xobeh.
   879 | D:2      | Found a blossoming altar of Fedhas.
   951 | D:2      | You fall into a shaft and drop 1 floor!
   951 | D:3      | Found a shimmering blue altar of Sif Muna.
   952 | D:3      | Noticed Blork the orc
   974 | D:3      | Killed Blork the orc
   974 | D:3      | Reached skill level 6 in Crossbows
   974 | D:3      | Reached XP level 4. HP: 10/26 MP: 4/4
   974 | D:3      | Reached XP level 5. HP: 11/30 MP: 5/5
  2652 | D:3      | Found a faded altar of an unknown god.
  3161 | D:3      | Reached XP level 6. HP: 6/35 MP: 6/6
  3666 | D:4      | Reached skill level 7 in Crossbows
  4393 | D:4      | Reached XP level 7. HP: 40/40 MP: 7/7
  4475 | D:4      | Found Roreylot's General Store.
  4478 | D:4      | Bought a scroll of teleportation for 42 gold pieces
  4478 | D:4      | Bought a scroll of remove curse for 42 gold pieces
  4478 | D:4      | Bought 11 stones for 15 gold pieces
  4494 | D:5      | Entered Level 5 of the Dungeon
  4494 | D:5      | Found a staircase to the Ecumenical Temple.
  4502 | Temple   | Entered the Ecumenical Temple
  4538 | Temple   | Became a worshipper of Warmaster Okawaru
  4702 | D:5      | Found Lusubb's General Store.
  4707 | D:5      | Bought a scroll of fear for 49 gold pieces
  4731 | D:5      | Reached skill level 5 in Stealth
  5221 | D:6      | Reached skill level 8 in Crossbows
  5241 | D:6      | Noticed Eustachio
  5249 | D:6      | Killed Eustachio
  5249 | D:6      | Reached * piety under Okawaru
  5249 | D:6      | Reached skill level 1 in Armour
  5249 | D:6      | Reached skill level 5 in Dodging
  5275 | D:6      | Reached XP level 8. HP: 20/44 MP: 8/8
  5466 | D:6      | Noticed Menkaure
  5470 | D:6      | Killed Menkaure
  5470 | D:6      | Reached skill level 9 in Crossbows
  5560 | D:6      | Found Tares's General Store.
  5580 | D:6      | Bought 13 bolts for 36 gold pieces
  5620 | D:6      | Reached ** piety under Okawaru
  5783 | D:6      | Noticed Duvessa
  5783 | D:6      | Noticed Dowan
  5851 | D:6      | Killed Dowan
  6787 | D:6      | Reached skill level 10 in Crossbows
  6791 | D:6      | Reached XP level 9. HP: 48/48 MP: 9/9
  7271 | D:6      | Found Tares's General Store.
  7354 | D:6      | Killed Duvessa
  7937 | D:7      | Reached *** piety under Okawaru
  8131 | D:7      | Found a bloodstained altar of Trog.
  8457 | D:8      | Noticed a two-headed ogre
  8526 | D:7      | Killed a two-headed ogre
  8752 | D:7      | Reached XP level 10. HP: 57/57 MP: 10/10
  9167 | D:8      | Noticed a two-headed ogre
  9229 | D:7      | Killed a two-headed ogre
  9229 | D:7      | Reached skill level 5 in Fighting
  9229 | D:7      | Reached skill level 5 in Armour
  9792 | D:8      | Reached **** piety under Okawaru
  9864 | D:9      | Received a gift from Okawaru
 10219 | D:8      | Received a gift from Okawaru
 10223 | D:8      | Found a shadowy altar of Dithmenos.
 10408 | D:8      | Found a glowing golden altar of the Shining One.
 10408 | D:8      | Found a stormy altar of Qazlal.
 10433 | D:8      | Found a faded altar of an unknown god.
 10435 | D:8      | Found a faded altar of an unknown god.
 10437 | D:8      | Found a white marble altar of Elyvilon.
 10517 | D:8      | Noticed Pikel
 10528 | D:8      | Killed Pikel
 10722 | D:9      | Reached skill level 10 in Dodging
 10729 | D:9      | Received a gift from Okawaru
 10729 | D:9      | Reached XP level 11. HP: 39/66 MP: 6/11
 10925 | D:9      | Found a staircase to the Lair.
 11643 | D:9      | Reached ***** piety under Okawaru
 11643 | D:9      | Received a gift from Okawaru
 12357 | D:10     | Entered Level 10 of the Dungeon
 12802 | D:10     | Received a gift from Okawaru
 13810 | D:11     | Noticed a two-headed ogre
 13815 | D:11     | Killed a two-headed ogre
 14071 | D:10     | Reached skill level 11 in Crossbows
 14182 | D:10     | Killed an unseen horror
 14182 | D:10     | Received a gift from Okawaru
 14182 | D:10     | Reached XP level 12. HP: 26/76 MP: 3/12
 14877 | D:11     | Found a sparkling altar of Nemelex Xobeh.
 14892 | D:11     | You fall into a shaft and drop 2 floors!
 16865 | D:12     | Killed an unseen horror
 17100 | D:12     | Reached ****** piety under Okawaru
 17100 | D:12     | Received a gift from Okawaru
 17531 | D:12     | Reached skill level 12 in Crossbows
 17908 | D:12     | Found a staircase to the Orcish Mines.
 17939 | D:12     | Reached skill level 10 in Fighting
 18550 | D:12     | Found a hazy altar of Hepliaklqana.
 18648 | Orc:1    | Entered Level 1 of the Orcish Mines
 18689 | D:13     | Noticed a two-headed ogre
 18890 | D:12     | Killed a two-headed ogre
 19327 | D:12     | Killed an unseen horror
 19729 | Lair:1   | Entered Level 1 of the Lair of Beasts
 19829 | Lair:1   | Reached skill level 13 in Crossbows
 19840 | Lair:1   | Reached XP level 13. HP: 46/82 MP: 7/13
 20265 | Lair:1   | Noticed a seven-headed hydra
 20277 | Lair:1   | Killed a seven-headed hydra
 20640 | Lair:2   | Noticed a seven-headed hydra
 20646 | Lair:2   | Killed a seven-headed hydra
 20917 | Lair:2   | Reached skill level 14 in Crossbows
 20984 | Lair:2   | Noticed an eight-headed hydra
 20997 | Lair:2   | Killed an eight-headed hydra
 21306 | Lair:2   | Received a gift from Okawaru
 21310 | Lair:2   | Got a bloodstained triple crossbow {god gift}
 21885 | Lair:2   | Identified the +10 triple crossbow of Okawaru's Approval
                  | {penet, rPois Int+3 Dex+4} (Okawaru gifted it to you on
                  | level 2 of the Lair of Beasts)
 22548 | Lair:3   | Reached skill level 15 in Crossbows
 23630 | Lair:4   | Found a staircase to the Swamp.
 23841 | Lair:4   | Got a spiked leather armour
 23852 | Lair:4   | Identified the +3 leather armour of Ennui {+Fly Str+4 Int+3
                  | Dex-2} (You found it on level 4 of the Lair of Beasts)
 23911 | Lair:4   | Found a staircase to the Snake Pit.
 24424 | Lair:5   | Noticed a seven-headed hydra
 24637 | Lair:4   | Killed a seven-headed hydra
 24637 | Lair:4   | Received a gift from Okawaru
 24967 | Lair:5   | Reached XP level 14. HP: 88/88 MP: 14/14
 25029 | Lair:5   | Reached skill level 16 in Crossbows
 25705 | Lair:6   | Entered Level 6 of the Lair of Beasts
 26417 | Swamp:1  | Entered Level 1 of the Swamp
 26427 | Swamp:1  | Slain by an alligator

Levels and vault maps discovered:
D:1:      minmay_arrival_jagged, layout_basic
D:2:      layout_basic, fedhas_altar_fruit_tree, nicolae_overflow_crystal_walls,
          lemuel_crystal_altar, first_ration
D:3:      layout_basic, tgw_sif, chequers_ecumenical_altar_grove,
          grunt_decor_mini_mirrors
D:4:      layout_rooms, serial_shops, kennysheep_mini_moat
D:5:      layout_rooms, minmay_temple_entry_grid, serial_shops, shop
D:6:      layout_basic, serial_shops, shop_fountains, uniq_eustachio,
          uniq_menkaure, uniq_duvessa
D:7:      layout_loops_cross, lemuel_doored_altar
D:8:      layout_rooms, chequers_temple_overflow_minitemple, marbit_many_paths,
          uniq_pikel
D:9:      layout_loops_ring, due_lair_maze_entry_diamond, grunt_livestock,
          kennysheep_generic_room_2
D:10:     layout_loops_ring
D:11:     layout_gridville, nemelex_xobeh_ov_fountains_minmay
D:12:     layout_long_grid, orc_0_dummy, basic_altar, serial_park_tiny_1,
          chequers_serial_rivers_room_b
D:13:     layout_basic, skrybe_vaults_entry_preservation,
          minmay_misc_feat_nine_boxes
D:14:     layout_rooms, chequers_serial_rivers_room_a, basic_altar,
          grunt_ministairs_6
Temple:   nicolae_temple_figure_eight
Lair:1:   layout_chaotic_city
Lair:2:   layout_loops_ring, nicolae_quartered_pool_super,
          infiniplex_staircase_pool
Lair:3:   layout_loops_ring, grunt_megastairs_1, serial_bayou_shore_b
Lair:4:   layout_concentric_octagons, minmay_swamp_entry_wisps,
          guppyfry_snake_entry_island
Lair:5:   layout_cave_pods, beast_lair_carwin_6
Lair:6:   minmay_lair_end_frog_pond, layout_cave_shapes, slime_altar_1,
          kennysheep_snail_temple
Swamp:1:  layout_falls_marsh, gammafunk_ghost_hydra_chop, serial_swamp_ruin,
          evilmike_swamp_ruin_house_1, evilmike_swamp_ruin_rubble_2,
          uniq_josephine
Orc:1:    layout_caves, uniq_gastronok

Skill      XL: |  1  2  3  4  5  6  7  8  9 10 11 12 13 14 |
---------------+-------------------------------------------+-----
Crossbows      | 5 6 7 8 10 11 13 15 16 | 16.4
Stealth        | 2 3 4 5 6 7 |  7.0
Dodging        | 3 4 5 6 8 10 11 12 14 | 14.7
Armour         | 1 3 4 6 7 8 |  8.0
Fighting       | 4 6 9 10 | 10.0

Action                   |  1- 3 |  4- 6 |  7- 9 | 10-12 | 13-15 || total
-------------------------+-------+-------+-------+-------+-------++-------
Melee: Short sword       |    72 |   117 |   118 |   573 |    67 ||   947
       Hand crossbow     |       |       |       |     5 |       ||     5
       Dagger            |       |       |       |    28 |    12 ||    40
 Fire: Hand crossbow     |    17 |    65 |   210 |   502 |   286 ||  1080
       Hunting sling     |       |       |     1 |       |       ||     1
       Arbalest          |       |       |       |    16 |   129 ||   145
Throw: Dart              |       |       |    12 |     1 |     5 ||    18
Invok: Heroism           |       |       |     1 |       |     4 ||     5
  Use: Scroll            |       |       |     6 |    21 |     8 ||    35
       Potion            |       |       |     2 |     7 |     4 ||    13
 Stab: Sleeping          |     3 |     3 |     1 |     8 |     1 ||    16
       Distracted        |       |       |       |     1 |       ||     1
  Eat: Chunk             |     5 |     8 |    18 |    34 |    17 ||    82
       Ration            |       |       |     1 |     1 |       ||     2
Armor: Leather armour    |    22 |    21 |    39 |   171 |       ||   253
       Scale mail        |       |       |       |   126 |    87 ||   213
Dodge: Dodged            |    91 |   120 |   195 |  1180 |   280 ||  1866
